 Dungeon Crawl Stone Soup version 0.28-a0-1513-ge4f4046303 (webtiles) character file.

Game seed: 7200061481100082226

3224 urish the Cleaver (level 9, -4/78 HPs)
             Began as a Hill Orc Fighter on Jan 16, 2022.
             Slain by a slime creature (15 damage)
             ... on level 7 of the Dungeon.
             The game lasted 00:33:28 (10762 turns).

urish the Cleaver (Hill Orc Fighter)               Turns: 10762, Time: 00:33:29

Health: -4/78      AC: 14    Str: 21    XL:     9   Next: 98%
Magic:  9/9        EV:  9    Int:  8    God:
Gold:   546        SH:  9    Dex: 12    Spells: 8/8 levels left

rFire   . . .      SeeInvis .   a - +0 war axe
rCold   . . .      Faith    .   w - +0 kite shield
rNeg    . . .      Spirit   .   b - +0 scale mail
rPois   .          Reflect  .   A - +2 helmet
rElec   .          Harm     .   k - +0 cloak
rCorr   .          Rampage  .   (no gloves)
Will    .....                   m - +0 pair of boots
Stlth   ..........              (no amulet)
HPRegen 0.23/turn               (no ring)
MPRegen 0.11/turn               (no ring)

@: no status effects
A: no striking features
a: no special abilities


You were on level 7 of the Dungeon.
You visited 1 branch of the dungeon, and saw 8 of its levels.

You collected 546 gold pieces.

Inventory:

Hand Weapons
 a - a +0 war axe (weapon)
 f - a +0 vorpal mace
 v - a +0 whip of draining
Missiles
 x - 14 poisoned darts (quivered)
Armour
 b - a +0 scale mail (worn)
 k - a +0 cloak (worn)
 m - a +0 pair of boots (worn)
 w - a +0 kite shield (worn)
 A - a +2 helmet (worn)
 B - a +0 leather armour of cold resistance
Jewellery
 n - an amulet of faith
 t - a ring of ice
Wands
 p - a wand of iceblast (8)
 C - a wand of paralysis (3)
Scrolls
 g - a scroll of silence {unknown}
 h - 2 scrolls of amnesia {unknown}
 i - a scroll of teleportation {unknown}
 j - a scroll of enchant armour {unknown}
 y - 2 scrolls of enchant weapon {unknown}
 z - a scroll of immolation {unknown}
Potions
 c - a potion of degeneration {unknown}
 d - a potion of might
 e - a potion of flight
 o - 3 potions of attraction {unknown}
 q - 3 potions of brilliance
 r - 2 potions of ambrosia {unknown}
 s - 6 potions of resistance {unknown}
 u - a potion of lignification {unknown}
 D - 2 potions of heal wounds
 E - a potion of mutation {unknown}


   Skills:
 + Level 6.4 Fighting
 + Level 11.4 Axes
 + Level 2.3 Throwing
 + Level 7.7 Armour
 + Level 3.3 Dodging
 + Level 1.2 Stealth
 + Level 6.1 Shields


You had 8 spell levels left.
You didn't know any spells.
Your spell library contained the following spells:

 Spells                   Type           Power      Damage    Failure   Level
 Animate Skeleton         Necr           0%         N/A       96%         1
 Apportation              Tloc           0%         N/A       96%         1
 Freeze                   Ice            0%         1d3       96%         1
 Shock                    Conj/Air       0%         1d3       96%         1
 Summon Small Mammal      Summ           0%         N/A       96%         1
 Static Discharge         Conj/Air       0%         N/A       99%         2
 Sublimation of Blood     Necr           0%         N/A       99%         2
 Wereblood                Tmut           0%         N/A       99%         2
 Call Canine Familiar     Summ           0%         N/A       100%        3
 Dazzling Flash           Conj/Hex       0%         N/A       100%        3
 Frozen Ramparts          Ice            0%         1d2       100%        3
 Portal Projectile        Hex/Tloc       0%         N/A       100%        3
 Swiftness                Air            0%         N/A       100%        3
 Airstrike                Air            0%         N/A       100%        4
 Hailstorm                Conj/Ice       0%         3d3       100%        4
 Iskenderun's Mystic Bla  Conj/Tloc      0%         2d3       100%        4
 Leda's Liquefaction      Hex/Erth       0%         N/A       100%        4
 Lightning Bolt           Conj/Air       0%         1d11      100%        5
 Starburst                Conj/Fire      0%         6d3       100%        6
 Summon Hydra             Summ           0%         N/A       100%        7
 Maxwell's Capacitive Co  Air            0%         ∞         100%        8


Dungeon Overview and Level Annotations

Branches:
Dungeon (8/15)             Temple (0/1) D:4
   Lair: D:8-11

Altars:
Ashenzari
Elyvilon
Gozag
Kikubaaqudgha
Nemelex Xobeh
Okawaru
Sif Muna
Trog

Annotations:
D:3 3 runed translucent doors, AarnesTheHuman's ghost, novice FoFi
D:4 Natasha


Message History

You hit the slime creature.
The slime creature is lightly wounded.
You completely miss the centaur zombie.
The centaur zombie completely misses you.
The centaur zombie kicks you but does no damage.
The slime creature hits you but does no damage.
The acid dragon spits acid at you. The splash of acid hits you!!
The slime creature hits you but does no damage.
The slime creature barely misses you. You block the centaur zombie's attack.
The centaur zombie kicks you but does no damage.
There is a stone staircase leading up here.
The centaur zombie closely misses you.
The centaur zombie kicks you but does no damage.
The slime creature hits you but does no damage.
You climb upwards.
There is a stone staircase leading down here.
You are too injured to fight recklessly!
Unknown command.
You hit the slime creature but do no damage.
The slime creature hits you!
* * * LOW HITPOINT WARNING * * *
You slice the slime creature!!
The slime creature is moderately wounded.
The slime creature hits you!
* * * LOW HITPOINT WARNING * * *
Unknown command.
You hit the slime creature.
The slime creature is moderately wounded.
You block the slime creature's attack.
You hit the slime creature.
The slime creature is moderately wounded.
The slime creature completely misses you.
You hit the slime creature but do no damage.
The slime creature is moderately wounded.
You block the slime creature's attack.
You hit the slime creature.
The slime creature is heavily wounded.
The slime creature hits you!
You die...

#.##.#...)........###.#.#
#.##.#.#######........#.#
#.##.#.# #.#..##..#.# ##
#.##.#.# #.#..##..#.######.
#.##.#.#######.................
#.##.#.##................#####.
#.##...#...###.##.##.(##.# #.
#.##.......# #J##.##..##.#####.
#.###.##...# #@##.##..##.......
#.# #.###.## #.##.##.........[.
#.# #.# #.####.##.###.##.#####.
#.# #.# #..........##.##.# #.
#.# #.# #.##.≈≈§≈≈.......# #.
#.# #.# #.##.≈≈≈§≈.##.#### ###
#.# #.# #.##.☼☼○...##.# ##_#
#.# #.# #....≈≈§≈≈.##.# ##≈.≈
#.###.#####..≈≈≈≈≈..#.# #.≈.≈


You could see a slime creature.

Vanquished Creatures
  Pikel (D:5)
  A vampire (D:6)
  A wyvern (D:8)
  Menkaure (D:6)
  3 water moccasins
  2 ice beasts
  A black bear (D:7)
  5 ogres
  A centaur (D:6)
  3 phantoms
  3 lemures (D:3)
  A kobold brigand (D:5)
  3 bullfrogs
  3 scorpions
  A water moccasin skeleton (D:6)
  3 hounds
  A centaur skeleton (D:5)
  3 orc priests
  Natasha (D:4)
  2 orc wizards
  A killer bee zombie (D:5)
  A hound skeleton (D:4)
  Robin (D:4)
  9 adders
  A shadow imp (D:7)
  An ufetubus (D:6)
  5 worms
  17 orcs
  7 endoplasms
  2 giant cockroaches
  19 goblins
  8 hobgoblins
  5 jackals
  3 quokkas
  9 ball pythons
  10 bats
  3 frilled lizards
  A jackal skeleton (D:4)
  12 kobolds
  9 rats
164 creatures vanquished.

Vanquished Creatures (others)
  2 plants (D:2)
2 creatures vanquished.

Grand Total: 166 creatures vanquished

Notes
Turn   | Place    | Note
-------+----------+-------------------------------------------
     0 | D:1      | urish the Hill Orc Fighter began the quest for the Orb.
     0 | D:1      | Reached XP level 1. HP: 19/19 MP: 1/1
   167 | D:1      | Reached XP level 2. HP: 14/27 MP: 2/2
   738 | D:1      | Reached skill level 3 in Axes
   828 | D:1      | Reached XP level 3. HP: 33/33 MP: 3/3
  1514 | D:2      | Reached XP level 4. HP: 35/40 MP: 4/4
  1540 | D:2      | Reached skill level 4 in Axes
  1904 | D:2      | Found an ancient bone altar of Kikubaaqudgha.
  2194 | D:3      | Found a faded altar of an unknown god.
  2194 | D:3      | Found a runed translucent gate.
  2194 | D:3      | Found a runed translucent gate.
  2194 | D:3      | Found a runed translucent gate.
  2194 | D:3      | Found an opulent altar of Gozag.
  2252 | D:3      | Noticed AarnesTheHuman's ghost (novice FoFi)
  2313 | D:3      | Reached skill level 1 in Dodging
  2392 | D:3      | Found a white marble altar of Elyvilon.
  2700 | D:3      | Reached XP level 5. HP: 46/46 MP: 5/5
  2716 | D:3      | Reached skill level 5 in Axes
  2982 | D:3      | Found a broken altar of Ashenzari.
  3164 | D:4      | Noticed Robin
  3500 | D:3      | Reached XP level 6. HP: 30/52 MP: 6/6
  3648 | D:4      | Killed Robin
  3699 | D:4      | Found a staircase to the Ecumenical Temple.
  3932 | D:4      | Noticed Pikel
  4640 | D:4      | Reached skill level 6 in Axes
  4694 | D:4      | Noticed Natasha
  4868 | D:4      | Killed Natasha
  5093 | D:4      | Noticed Natasha
  5129 | D:5      | Entered Level 5 of the Dungeon
  5172 | D:5      | Reached skill level 1 in Throwing
  5172 | D:5      | Reached XP level 7. HP: 47/60 MP: 7/7
  5274 | D:5      | Reached skill level 5 in Armour
  5343 | D:5      | Found an opulent altar of Gozag.
  5394 | D:5      | Reached skill level 7 in Axes
  5946 | D:5      | Reached XP level 8. HP: 65/67 MP: 8/8
  6049 | D:5      | Reached skill level 8 in Axes
  6915 | D:5      | Killed Pikel
  6916 | D:5      | Reached skill level 5 in Fighting
  6916 | D:5      | Reached skill level 9 in Axes
  7375 | D:6      | Reached skill level 5 in Shields
  7466 | D:6      | Reached skill level 1 in Stealth
  7466 | D:6      | Reached XP level 9. HP: 67/74 MP: 9/9
  7731 | D:6      | Noticed Menkaure
  7739 | D:6      | Killed Menkaure
  7854 | D:6      | Reached skill level 10 in Axes
  8220 | D:6      | Paralysed by a vampire for 4 turns
  8562 | D:6      | Noticed a moth of wrath
  8565 | D:6      | Found a bloodstained altar of Trog.
  9115 | D:7      | Reached skill level 11 in Axes
  9957 | D:7      | Found a sparkling altar of Nemelex Xobeh.
  9988 | D:7      | Found a shimmering blue altar of Sif Muna.
 10038 | D:7      | Found an iron altar of Okawaru.
 10637 | D:8      | Noticed an eight-headed hydra
 10762 | D:7      | Slain by a slime creature

Illustrated notes

Levels and vault maps discovered:
D:1:      amcnicky_arrival_abandoned_market, layout_basic
D:2:      layout_loops_cross, basic_altar, serial_bayou_pond_e,
          nrook_mini_vaults, serial_bayou_pond_d, st_stairs_11,
          minmay_misc_feat_columns, minmay_misc_feat_chi, minmay_circled_x
D:3:      layout_rooms, elyvilon_altar_4, nicolae_ashenzari_panopticon,
          ebering_ecumenical_altar_petrified, ebering_ghost_gozag, minivault_25
D:4:      layout_cave_pools, regret_index_temple_of_mockery,
          minmay_temple_entry_junction, grunt_ministairs_6, uniq_pikel,
          uniq_natasha, uniq_robin
D:5:      layout_layer_cave, grunt_gozag_statues
D:6:      layout_basic, tgw_trog, uniq_menkaure
D:7:      layout_loops_ring, nicolae_sif_muna_condensation,
          overflow_temple_1_default, okawaru_altar_gauntlet_db
D:8:      minmay_the_grid_square_5x5_3x3 [minmay_the_grid_square_5x5_plus,
          minmay_the_grid_square_5x5_two, minmay_the_grid_square_5x5_shuriken,
          minmay_the_grid_square_5x5_n_small,
          minmay_the_grid_square_5x5_megaprize_checkered,
          minmay_the_grid_square_5x5_seven, minmay_the_grid_square_5x5_comb,
          minmay_the_grid_square_5x5_hollow_slash,
          minmay_the_grid_square_5x5_broken_cross], layout_cave_pools,
          general_overflow_altar, david_lair_generic

Skill      XL: |  1  2  3  4  5  6  7  8  9 |
---------------+----------------------------+-----
Fighting       | 4 5 6 |  6.4
Axes           | 3 4 5 6 7 9 11 | 11.4
Dodging        | 1 2 3 |  3.3
Armour         | 4 5 6 7 |  7.7
Throwing       | 1 2 |  2.3
Shields        | 4 5 6 |  6.1
Stealth        | 1 |  1.2

Action                   |  1- 3 |  4- 6 |  7- 9 || total
-------------------------+-------+-------+-------++-------
Melee: War axe           |   141 |   211 |   311 ||   663
Throw: Dart              |     3 |    25 |    23 ||    51
  Use: Scroll            |       |     3 |     2 ||     5
       Potion            |       |       |     6 ||     6
Armor: Scale mail        |    78 |   108 |   142 ||   328
Dodge: Dodged            |    71 |    90 |   107 ||   268
Block: Buckler           |    38 |    19 |       ||    57
       Kite shield       |       |    55 |   128 ||   183

Table legend: (Time is in decaauts)
 A = Elapsed time spent in this place.
 B = Non-inter-level travel time spent in this place.
 C = Inter-level travel time spent in this place.
 D = Time resting spent in this place.
 E = Time spent auto-exploring this place.
 F = Levels seen in this place.
 G = Mean time per level.
                   A        B        C        D        E       F      G
               +--------+--------+--------+--------+--------+-----+--------+
         Total |  10945 |  10435 |    510 |    581 |   7940 |   8 | 1368.1 |
       Dungeon |  10945 |  10435 |    510 |    581 |   7940 |   8 | 1368.1 |
               +--------+--------+--------+--------+--------+-----+--------+

Top non-repeatable levels by time:
     D:3: 2135 daAuts
     D:5: 2116 daAuts
     D:6: 1631 daAuts
     D:7: 1519 daAuts
     D:1: 1219 daAuts
     D:2: 1037 daAuts
     D:4: 888 daAuts
     D:8: 396 daAuts
